 Dungeon Crawl Stone Soup version 0.29.0-3-gbb0933ed62 (webtiles) character file.

Game seed: 16474682229275428672

2258 gelatine the Digger (level 9, -3/52 HPs)
             Began as a Gargoyle Earth Elementalist on Aug 25, 2022.
             Engulfed by a steam dragon's steam (8 damage)
             ... on level 8 of the Dungeon.
             The game lasted 00:26:10 (8162 turns).

gelatine the Digger (Gargoyle Earth Elementalist)   Turns: 8162, Time: 00:26:11

Health: -3/52      AC: 10    Str: 13    XL:     9   Next: 38%
Magic:  1/17       EV: 11    Int: 19    God:
Gold:   357        SH:  5    Dex: 10    Spells: 9/19 levels left

rFire   . . .      SeeInvis .   C - staff of earth
rCold   . . .      Faith    .   (no shield)
rNeg    + + .      Spirit   .   v - +1 leather armour of the Dragon {Slay+2}
rPois   ∞          Reflect  +   (no helmet)
rElec   +          Harm     .   (no cloak)
rCorr   .          Rampage  .   (no gloves)
Will    .....                   (no boots)
Stlth   ++........              n - amulet of Edagefa {Reflect +Inv SH+5}
HPRegen 0.17/turn               m - ring of positive energy
MPRegen 0.15/turn               (no ring)

@: wereblooded
A: sickness immunity, AC +6, negative energy resistance 1, electricity
resistance, torment resistance 1, petrification resistance
a: Evoke Invisibility


You were on level 8 of the Dungeon.
You visited 2 branches of the dungeon, and saw 9 of its levels.

You collected 357 gold pieces.

Inventory:

Hand Weapons
 b - a +2 whip of pain
 d - a +1 whip of flaming
 g - a +1 whip of electrocution
 E - a +2 war axe of flaming
 F - a +3 halberd
 K - a +2 short sword of draining
Missiles
 L - 2 silver boomerangs
Armour
 a - a +1 robe
 v - the +1 leather armour of the Dragon (worn) {Slay+2}
   (You found it on level 4 of the Dungeon)

   Slay:      It affects your accuracy & damage with ranged weapons and melee
   (+2).
Magical Staves
 r - a staff of cold
 C - a staff of earth (weapon)
Jewellery
 m - a ring of positive energy (left hand)
 n - the amulet of Edagefa (around neck) {Reflect +Inv SH+5}
   (You found it on level 2 of the Dungeon)

   [amulet of reflection]

   It reflects blocked missile attacks.
   +Inv:      It lets you turn invisible.
   SH:        It affects your SH (+5).
 s - a ring of ice
Wands
 l - a wand of paralysis (6)
 J - a wand of digging (3)
Scrolls
 h - 2 scrolls of enchant weapon {unknown}
 i - 3 scrolls of teleportation {unknown}
 p - a scroll of fear
 w - 3 scrolls of magic mapping {unknown}
 y - a scroll of butterflies
 z - 3 scrolls of blinking {unknown}
 B - a scroll of silence {unknown}
 D - a scroll of vulnerability {unknown}
 G - a scroll of amnesia {unknown}
Potions
 c - 2 potions of cancellation {unknown}
 e - a potion of invisibility
 f - 2 potions of mutation {unknown}
 j - 7 potions of curing {unknown}
 k - 3 potions of brilliance {unknown}
 o - a potion of flight
 q - a potion of might {unknown}
 t - 3 potions of heal wounds {unknown}
 u - a potion of resistance {unknown}
 x - a potion of lignification {unknown}
 A - 4 potions of attraction {unknown}
 H - 2 potions of degeneration {unknown}
 I - a potion of haste {unknown}


   Skills:
 * Level 4.7 Fighting
 + Level 1.8(2.0) Maces & Flails
 + Level 1.1(1.6) Staves
 + Level 2.5 Armour
 + Level 2.1 Dodging
 + Level 3.7 Stealth
 + Level 1.0 Shields
 + Level 5.9 Spellcasting
 + Level 2.5 Conjurations
 * Level 3.1 Transmutations
 + Level 7.5 Earth Magic
 * Level 2.9 Evocations


You had 9 spell levels left.
You knew the following spells:

 Your Spells              Type           Power      Damage    Failure   Level
a - Sandblast             Erth           100%       2d20      1%          1
b - Stone Arrow           Conj/Erth      74%        3d11      5%          3
c - Wereblood             Tmut           17%        N/A       6%          2
d - Petrify               Tmut/Erth      39%        N/A       16%         4

Your spell library contained the following spells:

 Spells                   Type           Power      Damage    Failure   Level
 Passwall                 Tmut/Erth      32%        N/A       2%          2
 Foxfire                  Conj/Fire      40%        2x1d6     9%          1
 Shock                    Conj/Air       40%        1d5       9%          1
 Slow                     Hex            20%        N/A       14%         1
 Conjure Flame            Conj/Fire      10%        6-21      26%         3
 Leda's Liquefaction      Hex/Erth       15%        N/A       30%         4
 Call Canine Familiar     Summ           5%         N/A       41%         3
 Confusing Touch          Hex            5%         N/A       41%         3
 Inner Flame              Hex/Fire       5%         N/A       41%         3
 Ozocubu's Armour         Ice            5%         N/A       41%         3
 Portal Projectile        Hex/Tloc       10%        N/A       41%         3
 Swiftness                Air            5%         N/A       41%         3
 Vampiric Draining        Necr           5%         2d6       41%         3
 Flame Wave               Conj/Fire      10%        2d6       63%         4
 Airstrike                Air            2%         2d(1-17)  82%         4
 Corpse Rot               Necr/Pois/Air  5%         N/A       82%         4
 Dispel Undead            Necr           5%         3d7       82%         4
 Death Channel            Necr           2%         N/A       100%        6
 Ozocubu's Refrigeration  Ice            2%         4d8       100%        7
 Summon Hydra             Summ           2%         N/A       100%        7
 Sublimation of Blood     Necr           Unusable   N/A       N/A         2

Dungeon Overview and Level Annotations

Branches:
Dungeon (8/15)             Temple (1/1) D:6
   Lair: D:8-11

Altars:
Ashenzari
Cheibriados
Dithmenos
Elyvilon
Fedhas
Gozag
Hepliaklqana
Kikubaaqudgha
Makhleb
Okawaru
Qazlal
Ru
Sif Muna
Trog
Uskayaw
Wu Jian
Xom
Yredelemnul
The Shining One

Shops:
D:5 *   D:7 (


Innate Abilities, Weirdness & Mutations

You are immune to sickness and miasma.
Your stone body is resilient. (AC +6)
You are immune to poison.
You resist negative energy. (rN+)
You are resistant to electric shocks. (rElec)
You are resistant to unholy torment.
You are immune to petrification.


Message History

You feel a surge of power!
The blast of sand hits the orc!!!
You kill the orc!
An orc comes into view. It is wielding a +0 dagger.
Things that are here:
a +0 battleaxe; a +0 robe You feel a surge of power!
The blast of sand hits the orc!!
You kill the orc!
You hear a shout!
An orc priest comes into view. It is wielding a +0 dagger.
You feel a surge of power!
The blast of sand hits the ice beast but does no damage.
The orc priest calls down the wrath of Beogh upon you.
Beogh smites you!
You are out of magic!
Unknown command.
You hit the ice beast but do no damage.
You shatter the ice beast.
The ice beast is lightly wounded.
A wight comes into view.
It is wielding a +1 falchion of freezing.
The ice beast hits you but does no damage.
You hit the ice beast!
The ice beast is moderately wounded.
The orc priest barely misses you.
The ice beast hits you but does no damage.
The orc priest hits you but does no damage.
You block the ice beast's attack. The ice beast hits you.
The ice beast freezes you!
You see here a +0 war axe.
The ice beast attacks as you move away! The ice beast closely misses you.
The steam dragon breathes steam at you.
The ball of steam hits you but does no damage.
Items here: )) [[ †.
You are engulfed in a cloud of scalding steam.
* * * LOW HITPOINT WARNING * * *
The orc priest calls down the wrath of Beogh upon you.
Beogh smites you!
* * * LOW HITPOINT WARNING * * *
The ice beast is engulfed in a cloud of scalding steam.
There is a stone staircase leading up here.
You are engulfed in a cloud of scalding steam.
You die...

#... .## ##
#....... #. #..
..# #.##.....
##....#.# .......
#.#§### ##.
#z[@§.###
...<.###)#Y§...###
#.)o))§§§.....#
#.#.#.#D###...#
#.#.#D# .^#
#.#.#.......#
............#
..#.###..#.D#
####.# .## ..


You could see a steam dragon (catching breath), an ice beast, a wight and an orc
priest.

Vanquished Creatures
  Grinder (D:3)
  A steam dragon (D:7)
  A sky beast (D:6)
  A centaur (D:7)
  2 ogres (D:5)
  A kobold brigand (D:7)
  4 bullfrogs
  A scorpion (D:5)
  7 wights
  5 howler monkeys
  2 hounds
  2 jellies
  2 orc priests (D:5)
  2 iguanas (D:5)
  3 orc wizards
  Natasha (thrice) (D:4)
  10 adders
  4 gnolls (D:3)
  2 shadow imps
  A white imp (D:6)
  An ufetubus (D:4)
  3 dart slugs
  20 orcs
  10 ball pythons
  5 bats
  10 endoplasms
  2 giant cockroaches
  8 goblins
  5 hobgoblins
  6 jackals
  10 kobolds
  7 quokkas
  2 frilled lizards (D:1)
  3 rats
147 creatures vanquished.

Notes
Turn   | Place    | Note
-------+----------+-------------------------------------------
     0 | D:1      | gelatine the Gargoyle Earth Elementalist began the quest
                  | for the Orb.
     0 | D:1      | Reached XP level 1. HP: 10/10 MP: 3/3
   370 | D:1      | Reached skill level 4 in Earth Magic
   392 | D:1      | Reached XP level 2. HP: 5/15 MP: 0/5
  1070 | D:1      | Reached XP level 3. HP: 19/19 MP: 0/6
  1388 | D:2      | Found a faded altar of an unknown god.
  1635 | D:2      | Identified the amulet of Edagefa {Reflect +Inv SH+5}
  1664 | D:2      | Reached XP level 4. HP: 24/24 MP: 5/7
  1986 | D:2      | Reached skill level 5 in Earth Magic
  2055 | D:3      | Reached skill level 1 in Fighting
  2165 | D:3      | Reached XP level 5. HP: 19/29 MP: 0/9
  2172 | D:3      | Learned a level 3 spell: Stone Arrow
  2175 | D:3      | Learned a level 2 spell: Wereblood
  2532 | D:3      | Noticed Grinder
  2540 | D:3      | Killed Grinder
  2541 | D:3      | Reached skill level 1 in Conjurations
  2541 | D:3      | Reached skill level 1 in Transmutations
  2541 | D:3      | Reached XP level 6. HP: 35/35 MP: 3/11
  2779 | D:3      | You fall into a shaft and drop 1 floor!
  3600 | D:4      | Identified the +1 leather armour of the Dragon {Slay+2}
  3734 | D:4      | Noticed Natasha
  3743 | D:4      | Killed Natasha
  3744 | D:4      | Reached skill level 6 in Earth Magic
  4057 | D:4      | Noticed Natasha
  4060 | D:4      | Killed Natasha
  4061 | D:4      | Reached XP level 7. HP: 39/40 MP: 8/12
  4152 | D:4      | Noticed Natasha
  4158 | D:4      | Killed Natasha
  4187 | D:5      | Entered Level 5 of the Dungeon
  4219 | D:5      | Found Vuc Suff's Mayhem Merchandise.
  4822 | D:5      | Reached skill level 1 in Evocations
  4943 | D:5      | Found a broken altar of Ashenzari.
  5068 | D:5      | Reached XP level 8. HP: 47/47 MP: 7/15
  5075 | D:5      | Reached skill level 1 in Armour
  5503 | D:6      | Noticed a +0 dagger
  5512 | D:6      | Found a hide-covered altar of Uskayaw.
  5512 | D:6      | Noticed a +0 short sword
  5512 | D:6      | Noticed a +0 falchion
  5514 | D:6      | Noticed a +0 spear
  5514 | D:6      | Noticed a +0 falchion
  5514 | D:6      | Noticed a +0 spear
  5515 | D:6      | Noticed a +0 short sword
  5516 | D:6      | Noticed a +0 dagger
  5539 | D:6      | Reached skill level 1 in Maces & Flails
  5539 | D:6      | Reached skill level 7 in Earth Magic
  5760 | D:6      | Reached skill level 5 in Spellcasting
  5824 | D:6      | Found a staircase to the Ecumenical Temple.
  5830 | D:6      | Learned a level 4 spell: Petrify
  5846 | Temple   | Entered the Ecumenical Temple
  7199 | D:7      | Reached XP level 9. HP: 35/52 MP: 3/17
  7313 | D:7      | Found Picuf's Weapon Boutique.
  7339 | D:7      | Reached skill level 1 in Shields
  7976 | D:7      | Found Niasavo's Magic Scroll Boutique.
  8126 | D:8      | Reached skill level 1 in Staves
  8162 | D:8      | Engulfed by a steam dragon's steam

Illustrated notes

Levels and vault maps discovered:
D:1:      psy_arrival_whirlpool, layout_basic, kennysheep_crisscross,
          bh_walls_and_bars
D:2:      layout_rooms, hellmonk_ecumenical_altar_blasted, minmay_pentomino_s2
D:3:      layout_basic, uniq_grinder
D:4:      layout_basic, minmay_fractal_squares_gapless_5, uniq_natasha
D:5:      layout_cave_pools, cheibrodos_ashenzari_chains, serial_column_ruins,
          column_ruins_hut, column_ruins_hut_water,
          column_ruins_corridor_straight, column_ruins_open_small,
          column_ruins_columns_dead_end, column_ruins_grid_2,
          column_ruins_open_large, column_ruins_open_small, minmay_shop_mayhem,
          minmay_misc_feat_hallway, serial_bayou_pond_d
D:6:      layout_layer_cave, nicolae_uskayaw_en_pointe, minmay_temple_entry_grid
D:7:      layout_basic, serial_shops, shop, nicolae_shop_bloodbath_and_beyond
D:8:      layout_loops_ring
Temple:   minmay_temple_bridge_d

Skill      XL: |  1  2  3  4  5  6  7  8  9 |
---------------+----------------------------+-----
Earth Magic    | 4 5 6 7 |  7.5
Fighting       | 1 2 3 4 |  4.7
Spellcasting   | 3 4 5 |  5.9
Conjurations   | 1 2 |  2.5
Transmutations | 1 2 3 |  3.1
Evocations     | 1 2 |  2.9
Armour         | 2 |  2.5
Maces & Flails | 1 |  1.8
Stealth        | 3 |  3.7
Dodging        | 2 |  2.1
Shields        | 1 |  1.0
Staves         | 1 |  1.1

Action                   |  1- 3 |  4- 6 |  7- 9 || total
-------------------------+-------+-------+-------++-------
Melee: Unarmed           |     8 |       |       ||     8
       Whip              |    11 |    13 |    39 ||    63
       Staff             |       |       |    34 ||    34
       Punch             |       |       |     2 ||     2
 Cast: Sandblast         |    45 |    76 |    62 ||   183
       Stone Arrow       |       |     1 |    24 ||    25
       Wereblood         |       |     1 |     8 ||     9
       Petrify           |       |       |     1 ||     1
  Use: Potion            |       |     1 |       ||     1
       Scroll            |       |       |     6 ||     6
 Stab: Petrified         |       |       |     1 ||     1
Armor: Robe              |    10 |     6 |       ||    16
       Leather armour    |       |     4 |    43 ||    47
Dodge: Dodged            |    22 |    18 |    47 ||    87
Block: Other             |       |     6 |    26 ||    32
       Reflection        |       |       |     1 ||     1
